AoeStats
← Larkinstreet

Arabia

509988180Analyzed
3v3 RM · 4d ago on Sep 28, 2026· 47m 10s· 6 players
Game mode
Random Map
Map size
Normal (6 player)
Population
200
Speed
Normal
Resources
Standard
Victory
Conquest
Starting age
Dark Age
Ending age
Imperial Age
RankedLock teamsTeams togetherTeam positionsShared explorationLock speedFull tech treeHidden civsTurbo modeCheats
Victory
Defeat
🇨🇱 Lithuanians · Chile
1210
+10
🇨🇱 Wei · Chile
1138
+13
🇨🇱 Mapuche · Chile
1064
+16
🇦🇺 Burmese · Australia
1142
-16
🇺🇸 Lithuanians · United States
1079
-13
🇦🇺 Franks · Australia
1004
-10
=[TKG]SHION=
7:02 Loom
10:48 Feudal Age
12:50 Champi Runner
14:00 Arson
14:30 Double-Bit Axe
23:42 Horse Collar
24:17 Scale Mail Armor
25:58 Fletching
26:43 Padded Archer Armor
30:24 Castle Age
29:44 Gold Mining
31:14 Forging
31:47 Wheelbarrow
31:40 Champi Warrior
31:42 Elite Skirmisher
32:36 Bow Saw
34:44 Heavy Plow
37:32 Ballistics
40:51 Pikeman
42:39 Iron Casting
43:05 Hand Cart
Twolon
4:19 Loom
9:47 Feudal Age
11:29 Wheelbarrow
10:42 Double-Bit Axe
15:37 Horse Collar
20:25 Castle Age
19:46 Bloodlines
19:30 Fletching
19:42 Gold Mining
21:18 Husbandry
22:32 Gold Shaft Mining
22:23 Scale Barding Armor
22:29 Forging
22:15 Bodkin Arrow
23:43 Padded Archer Armor
24:44 Chain Barding Armor
28:34 Iron Casting
28:14 Leather Archer Armor
33:07 Tuntian
34:28 Bow Saw
38:22 Imperial Age
37:07 Heavy Plow
38:27 Heavy Hei Guang Cavalry
39:10 Bracer
39:41 Ring Archer Armor
40:12 Blast Furnace
42:30 Ming Guang Armor
42:26 Conscription
43:53 Thumb Ring
45:38 Chemistry
45:01 Ballistics
45:42 Chemistry
44:31 Light Cavalry
46:35 Hussar
47:48 Parthian Tactics
Inka-Reable
7:03 Loom
9:25 Feudal Age
14:50 Double-Bit Axe
15:54 Horse Collar
21:49 Castle Age
21:20 Scale Barding Armor
21:26 Forging
22:19 Bloodlines
22:32 Husbandry
26:01 Chain Barding Armor
28:08 Light Cavalry
30:22 Fletching
33:05 Wheelbarrow
39:50 Hand Cart
39:11 Pikeman
39:55 Scale Mail Armor
42:14 Squires
43:31 Chain Mail Armor
43:19 Arson
44:39 Iron Casting
44:50 Town Watch
46:14 Gold Mining
49:16 Imperial Age
toesucker69
9:46 Feudal Age
10:47 Loom
10:43 Man-at-Arms
14:30 Fletching
21:56 Castle Age
22:26 Crossbowman
24:10 Bodkin Arrow
24:49 Padded Archer Armor
28:40 Ballistics
fibonacci spine
9:56 Feudal Age
8:14 Loom
10:59 Double-Bit Axe
18:51 Wheelbarrow
25:17 Scale Barding Armor
25:22 Forging
27:17 Castle Age
30:17 Chain Barding Armor
30:32 Iron Casting
35:35 Bow Saw
Larkinstreet
7:21 Loom
9:53 Feudal Age
10:22 Double-Bit Axe
21:41 Castle Age
20:19 Bloodlines
20:53 Forging
20:39 Gold Mining
21:15 Scale Barding Armor
27:44 Light Cavalry
34:16 Iron Casting
41:36 Husbandry
41:53 Fletching
43:04 Chain Barding Armor
Connection lost

Rejoining the realm…

Still unreachable

The connection could not be restored.

Session expired

The server has moved on; the page needs a fresh start.